 Dungeon Crawl Stone Soup version 0.23.2-30-g0e89c35649 (webtiles) character file.

Game seed: 11316190830286667424

116 teukkam the Covered (level 4, -1/41 HPs)
             Began as a Minotaur Fighter on June 19, 2019.
             Slain by a sixfirhy (9 damage)
             ... on level 1 of the Abyss.
             The game lasted 00:06:46 (1172 turns).

teukkam the Covered (Minotaur Fighter)              Turns: 1172, Time: 00:06:47

Health: -1/41      AC: 10    Str: 19 (21) XL:     4   Next: 69%
Magic:  3/3        EV:  5    Int:  9 (10) God:
Gold:   70         SH:  9    Dex:  7 (10) Spells: 3/3 levels left

rFire    . . .     SeeInvis .   a - +0 war axe
rCold    . . .     Gourm    .   c - +0 shield
rNeg     . . .     Faith    .   n - +0 chain mail
rPois    .         Spirit   .   (helmet restricted)
rElec    .         Reflect  .   (no cloak)
rCorr    .         Harm     .   (no gloves)
MR       .....                  o - +0 pair of boots
Stlth    ..........             (no amulet)
HPRegen  0.13/turn              (no ring)
MPRegen  0.08/turn              (no ring)

@: brilliant, hasted, very quick
A: retaliatory headbutt, horns 2
a: no special abilities


You were on level 1 of the Abyss.
You were not hungry.

You visited 1 branch of the dungeon, and saw 3 of its levels.
You visited the Abyss 1 time.

You collected 70 gold pieces.

Inventory:

Hand Weapons
 a - a +0 war axe (weapon)
 g - a +0 dagger of speed
Missiles
 l - 39 stones (quivered)
 p - 14 poisoned needles
Armour
 c - a +0 shield (worn)
 n - a +0 chain mail (worn)
 o - a +0 pair of boots (worn)
Scrolls
 e - 4 scrolls of identify {unknown}
 i - a scroll of teleportation {unknown}
Potions
 k - a potion of flight {unknown}
 m - a potion of agility {unknown}
Comestibles
 f - 3 rations
 q - 2 chunks of flesh


   Skills:
 + Level 4.5 Fighting
 + Level 3.6 Axes
 + Level 4.5 Armour
 + Level 4.5 Shields


You had 3 spell levels left.
You didn't know any spells.
Your spell library was empty.

Dungeon Overview and Level Annotations

Branches:
Dungeon (3/15)

Altars:


Innate Abilities, Weirdness & Mutations

You reflexively headbutt those who attack you in melee.
You have a pair of horns on your head.


Message History

You block the sixfirhy's attack. The sixfirhy hits you.
The sixfirhy shocks you! The sixfirhy hits you! The sixfirhy shocks you!
* * * LOW HITPOINT WARNING * * *
You block the sixfirhy's attack.
An insubstantial wisp comes into view. x2
The sixfirhy hits you but does no damage.
It was a potion of degeneration.
There was something very wrong with that liquid.
You feel weakened.
You feel dopey.
You feel clumsy. The sixfirhy barely misses you. You furiously retaliate!
You headbutt the sixfirhy, but do no damage.
The sixfirhy barely misses you.
An insubstantial wisp comes into view.
You miss the sixfirhy.
The insubstantial wisp gives a chilling moan.
Your headbutt misses the sixfirhy.
The insubstantial wisp blinks!
It was a potion of haste.
You feel yourself speed up. You block the sixfirhy's attack. x2
The sixfirhy hits you!
You die...

.. # .. .. .# #
... ..#.. ... ##
#... .. .#..
...##.##.#
#.....@3#
#.######........
##...##.. v....#
...#... .......
.v..... ....∩.


You could see a sixfirhy and an insubstantial wisp.

Vanquished Creatures
  Jessica (D:3)
  Terence (D:2)
  2 adders (D:2)
  An ooze (D:3)
  2 orcs (D:3)
  3 giant cockroaches
  7 goblins
  4 hobgoblins
  A quokka (D:3)
  2 ball pythons (D:2)
  7 bats
  2 frilled lizards
  8 kobolds
  2 rats
43 creatures vanquished.

Notes
Turn   | Place    | Note
-------+----------+-------------------------------------------
     0 | D:1      | teukkam the Minotaur Fighter began the quest for the Orb.
     0 | D:1      | Reached XP level 1. HP: 19/19 MP: 0/0
   118 | D:1      | Reached XP level 2. HP: 15/27 MP: 1/1
   227 | D:2      | Reached XP level 3. HP: 18/33 MP: 2/2
   524 | D:2      | Noticed Terence
   548 | D:2      | Killed Terence
   672 | D:2      | Reached XP level 4. HP: 39/40 MP: 3/3
   723 | D:3      | Noticed Jessica
   730 | D:3      | Killed Jessica
  1122 | D:3      | Cast into level 1 of the Abyss (orc)
  1157 | Abyss:1  | Noticed a sixfirhy
  1168 | Abyss:1  | Noticed an insubstantial wisp
  1168 | Abyss:1  | Noticed an insubstantial wisp
  1169 | Abyss:1  | Noticed an insubstantial wisp
  1172 | Abyss:1  | Slain by a sixfirhy

Skill      XL: |  1  2 |
---------------+-------+-----
Armour         | 4 |  4.5
Fighting       | 4 |  4.5
Shields        | 4 |  4.5
Axes           | 3 |  3.6

Action                   |  1- 3 |  4- 6 || total
-------------------------+-------+-------++-------
Melee: War axe           |    71 |    59 ||   130
       Headbutt          |     6 |     8 ||    14
  Use: Potion            |     1 |     5 ||     6
  Eat: Ration            |       |     1 ||     1
Armor: Scale mail        |    40 |       ||    40
       Chain mail        |     2 |    28 ||    30
Dodge: Dodged            |    35 |    18 ||    53
Block: Shield            |    57 |    54 ||   111
